 Dungeon Crawl Stone Soup version 0.26.1-11-gd32895ea62 (webtiles) character file.

Game seed: 3222650728714752198

2090 Almogavar the Firebug (level 9, 0/69 HPs)
             Began as a Hill Orc Fire Elementalist on May 17, 2021.
             Was a Follower of Makhleb.
             Slain by a centaur (5 damage)
             ... on level 6 of the Dungeon.
             The game lasted 00:30:36 (11385 turns).

Almogavar the Firebug (Hill Orc Fire Elementalist) Turns: 11385, Time: 00:30:37

Health: 0/69       AC:  6    Str: 14    XL:     9   Next: 27%
Magic:  15/16      EV: 13    Int: 15    God:    Makhleb [*.....]
Gold:   356        SH:  5    Dex: 11    Spells: 17/18 levels left

rFire    . . .     SeeInvis .   s - +0 hand axe
rCold    . . .     Faith    .   (no shield)
rNeg     . . .     Spirit   .   y - +2 robe {Will+}
rPois    .         Reflect  +   m - +0 helmet
rElec    .         Harm     .   h - +0 cloak
rCorr    .         Rampage  .   (no gloves)
Will     +....                  (no boots)
Stlth    ++........             k - amulet of reflection
HPRegen  0.21/turn              (no ring)
MPRegen  0.15/turn              (no ring)

@: no status effects
A: no striking features
a: Renounce Religion


You were on level 6 of the Dungeon.
You worshipped Makhleb.
Makhleb was aware of your devotion.
You visited 2 branches of the dungeon, and saw 7 of its levels.

You collected 356 gold pieces.

Inventory:

Hand Weapons
 s - a +0 hand axe (weapon)
Armour
 c - a +0 leather armour
 d - a +0 ring mail
 h - a +0 cloak (worn)
 j - a +0 chain mail
 m - a +0 helmet (worn)
 v - a +0 scale mail
 y - a +2 robe of willpower (worn)
Jewellery
 k - an amulet of reflection (around neck)
Wands
 a - a wand of enslavement (8)
 x - a wand of random effects (18)
 B - a wand of acid (5)
 C - a wand of paralysis (6)
Scrolls
 e - a scroll of enchant armour
 l - 4 scrolls of random uselessness {unknown}
 n - 3 scrolls of teleportation {unknown}
 p - a scroll of enchant weapon {unknown}
 r - 2 scrolls of fog {unknown}
 u - a scroll of fear {unknown}
 w - 3 scrolls of remove curse {unknown}
Potions
 b - a potion of resistance {unknown}
 f - 6 potions of flight {unknown}
 g - 2 potions of mutation {unknown}
 o - a potion of might {unknown}
 t - 2 potions of lignification {unknown}
 z - a potion of berserk rage {unknown}
 A - a potion of cancellation {unknown}


   Skills:
 + Level 3.0 Fighting
 + Level 2.1 Axes
 + Level 4.1 Dodging
 + Level 2.6 Stealth
 - Level 0.2 Shields
 + Level 5.0 Spellcasting
 + Level 5.2 Conjurations
 + Level 7.3 Fire Magic


You had 17 spell levels left.
You knew the following spells:

 Your Spells              Type           Power        Failure   Level
a - Foxfire               Conj/Fire      88%          1%          1

Your spell library contained the following spells:

 Spells                   Type           Power        Failure   Level
 Conjure Flame            Conj/Fire      22%          3%          3
 Inner Flame              Hex/Fire       14%          11%         3
 Sticky Flame             Conj/Fire      22%          12%         4
 Fireball                 Conj/Fire      11%          34%         5


Dungeon Overview and Level Annotations

Branches:
Dungeon (6/15)             Temple (1/1) D:5

Altars:
Ashenzari
Cheibriados
Dithmenos
Elyvilon
Fedhas
Hepliaklqana
Kikubaaqudgha
Makhleb
Nemelex Xobeh
Ru
Sif Muna
Uskayaw
Vehumet
Wu Jian
Xom
Yredelemnul
Zin
The Shining One


Message History

You hit the centaur but do no damage.
The centaur is heavily wounded.
You closely miss the orc warrior. The centaur barely misses you.
The centaur closely misses you. The orc warrior closely misses you.
You barely miss the centaur.
The centaur is heavily wounded.
You hit the orc warrior but do no damage.
The centaur misses you. The centaur hits you.
* * * LOW HITPOINT WARNING * * *
The orc warrior closely misses you.
You barely miss the centaur.
The centaur is heavily wounded.
You barely miss the orc warrior. The centaur hits you.
* * * LOW HITPOINT WARNING * * *
The orc warrior misses you.
You barely miss the centaur.
The centaur is heavily wounded.
You barely miss the orc warrior. The centaur closely misses you.
The centaur hits you.
You die...

................##.#.####....#...
........#######.##.#..####.......
.........###....##.........####..
########..oo....###..............
####............oo........
***##########..o..........
********,,*≈∩≈S≈≈≈≈≈......#......
,,,,,,,,,###########o............
,,,,,,,,,......c@oooo......######
,,,,,,,,,###....#####.....##
,,,,,,,,,* #####* #.....#
,,,,,,,,,* #.....# **********
#.....# #######


You could see an orc warrior, a centaur, an orc wizard (fast) and 3 orcs.

Vanquished Creatures
  A water moccasin (D:5)
  An orc warrior (D:6)
  2 ice beasts (D:5)
  A necrophage (D:5)
  3 ogres
  A centaur (D:5)
  2 bullfrogs
  2 scorpions
  A wyvern skeleton (D:5)
  3 howler monkeys
  A bullfrog zombie (D:5)
  2 hounds
  3 orc priests
  A jelly (D:5)
  2 centaur skeletons (D:5)
  7 orc wizards
  An iguana (D:5)
  4 worker ants
  A hound zombie (D:2)
  Robin (D:2)
  7 gnolls
  A howler monkey skeleton (D:6)
  4 adders
  A white imp (D:6)
  An ufetubus (D:6)
  An ooze (D:2)
  2 worms
  2 dart slugs
  4 leopard geckos
  17 orcs
  7 bats
  4 giant cockroaches
  15 goblins
  12 hobgoblins
  14 jackals
  8 kobolds
  3 quokkas
  5 frilled lizards
  7 rats
155 creatures vanquished.

Vanquished Creatures (others)
  An orc (D:6)
  661 foxfires
662 creatures vanquished.

Grand Total: 817 creatures vanquished

Notes
Turn   | Place    | Note
-------+----------+-------------------------------------------
     0 | D:1      | Almogavar the Hill Orc Fire Elementalist began the quest
                  | for the Orb.
     0 | D:1      | Reached XP level 1. HP: 14/14 MP: 3/3
   253 | D:1      | Reached XP level 2. HP: 20/20 MP: 0/4
   323 | D:1      | Reached skill level 4 in Fire Magic
   648 | D:1      | You fall into a shaft and drop 1 floor!
   648 | D:2      | Found a shimmering blue altar of Sif Muna.
   667 | D:2      | Reached XP level 3. HP: 18/26 MP: 0/5
   807 | D:2      | Noticed Robin
   818 | D:2      | Found an ornate altar of the Wu Jian Council.
  1526 | D:1      | Reached XP level 4. HP: 33/33 MP: 7/7
  1571 | D:2      | Killed Robin
  1996 | D:2      | Reached XP level 5. HP: 38/38 MP: 5/8
  3581 | D:3      | Found an ancient bone altar of Kikubaaqudgha.
  3640 | D:3      | Found a shadowy altar of Dithmenos.
  3991 | D:3      | Reached XP level 6. HP: 35/46 MP: 6/10
  4076 | D:3      | Reached skill level 1 in Fighting
  4511 | D:4      | Reached skill level 5 in Fire Magic
  4670 | D:4      | Identified the +2 robe "Numion" {rPois Dex+3}
  4701 | D:4      | Reached skill level 1 in Axes
  5890 | D:4      | Reached XP level 7. HP: 45/52 MP: 7/11
  6629 | D:4      | Found a shimmering altar of Xom.
  6702 | D:5      | Entered Level 5 of the Dungeon
  6702 | D:5      | Found a staircase to the Ecumenical Temple.
  7474 | Temple   | Entered the Ecumenical Temple
  7509 | Temple   | Became a worshipper of Makhleb the Destroyer
  7555 | D:5      | Reached skill level 6 in Fire Magic
  7724 | D:5      | Reached XP level 8. HP: 61/61 MP: 10/13
  7989 | D:5      | Found a white marble altar of Elyvilon.
  8291 | D:5      | HP: 1/62 [ice beast (8)]
  8921 | D:5      | HP: 3/62 [ice beast (12)]
 10203 | D:5      | Reached XP level 9. HP: 68/68 MP: 12/15
 10234 | D:5      | Reached skill level 7 in Fire Magic
 10602 | D:6      | Reached skill level 5 in Conjurations
 11274 | D:6      | Reached * piety under Makhleb
 11275 | D:6      | Reached skill level 5 in Spellcasting
 11385 | D:6      | Slain by a centaur

Illustrated notes

Levels and vault maps discovered:
D:1:      erik_arrival_blinker_ship, layout_loops_ring, st_stairs_11
D:2:      layout_loops_ring, general_overflow_altar, lemuel_crystal_altar,
          roderic_roman_lattice, kennysheep_generic_room_2, uniq_robin
D:3:      layout_basic, lemuel_crystal_altar, old_standard_altar
D:4:      minmay_spotlight, layout_layer_cave, tgw_xom
D:5:      layout_cave_pools, nicolae_overflow_crystal_walls, temple_statues
D:6:      layout_rooms, portal_sewer_entry_d
Temple:   nicolae_temple_hex_pool

Skill      XL: |  1  2  3  4  5  6  7  8  9 |
---------------+----------------------------+-----
Fire Magic     | 4 5 6 7 |  7.3
Spellcasting   | 2 3 4 5 |  5.0
Dodging        | 2 3 4 |  4.1
Conjurations   | 2 3 4 5 |  5.2
Fighting       | 1 2 3 |  3.0
Stealth        | 2 |  2.6
Axes           | 1 2 |  2.1
Shields        | |  0.2

Action                   |  1- 3 |  4- 6 |  7- 9 || total
-------------------------+-------+-------+-------++-------
Melee: Dagger            |    23 |       |       ||    23
       Hand axe          |       |    11 |    15 ||    26
 Cast: Foxfire           |    43 |   152 |   166 ||   361
  Use: Scroll            |       |     3 |     2 ||     5
       Potion            |       |       |     2 ||     2
Armor: Robe              |    11 |    51 |    46 ||   108
Dodge: Dodged            |    39 |    99 |   150 ||   288
Block: Other             |       |    16 |    70 ||    86
       Reflection        |       |       |     1 ||     1
